AoeStats
← 不摇碧莲

Arena

510950242Analyzed
3v3 RM · 17h ago on Oct 3, 2026· 43m 47s· 6 players
Game mode
Random Map
Map size
Normal (6 player)
Population
200
Speed
Normal
Resources
Standard
Victory
Conquest
Starting age
Dark Age
Ending age
Imperial Age
RankedLock teamsTeams togetherTeam positionsShared explorationLock speedFull tech treeHidden civsTurbo modeCheats
Victory
Defeat
🇨🇳 Cumans · China
1327
+7
🇨🇳 Dravidians · China
1304
+8
🇨🇳 Franks · China
1096
+14
🇮🇹 Romans · Italy
1149
-12
🇨🇭 Spanish · Switzerland
1117
-10
🇹🇷 Bohemians · Türkiye
1018
-7
Khruner
12:28 Feudal Age
16:44 Castle Age
15:41 Man-at-Arms
16:21 Horse Collar
16:27 Double-Bit Axe
20:16 Loom
21:07 Wheelbarrow
20:20 Town Watch
23:31 Bow Saw
23:23 Heavy Plow
24:08 Gold Mining
24:18 Elite Skirmisher
25:23 Fletching
25:33 Scale Mail Armor
25:48 Forging
26:51 Hand Cart
28:09 Ballistics
28:36 Town Patrol
32:09 Imperial Age
29:15 Pikeman
30:37 Squires
32:06 Ballistas
32:15 Fortified Wall
32:23 Forging
32:09 Bodkin Arrow
32:15 Padded Archer Armor
32:31 Chain Mail Armor
33:13 Chain Mail Armor
32:58 Padded Archer Armor
32:23 Halberdier
32:43 Heavy Scorpion
34:46 Gold Shaft Mining
34:48 Iron Casting
34:00 Onager
37:35 Siege Engineers
37:51 Capped Ram
39:56 Chemistry
38:42 Siege Ram
40:10 Crop Rotation
39:29 Long Swordsman
40:34 Conscription
McQuin007
3:05 Loom
10:01 Feudal Age
10:48 Double-Bit Axe
14:59 Castle Age
12:46 Horse Collar
23:03 Scale Barding Armor
26:00 Wheelbarrow
26:01 Bloodlines
29:48 Chain Barding Armor
29:40 Forging
32:03 Husbandry
32:25 Pikeman
33:06 Squires
33:10 Light Cavalry
36:36 Padded Archer Armor
39:41 Leather Archer Armor
40:03 Iron Casting
39:25 Arson
41:50 Scale Mail Armor
45:49 Imperial Age
cc
10:20 Feudal Age
11:08 Loom
15:41 Castle Age
17:18 Fletching
28:56 Double-Bit Axe
31:08 Wheelbarrow
31:35 Sanctity
31:26 Fervor
34:37 Bow Saw
34:29 Horse Collar
38:33 Murder Holes
38:59 Ballistics
39:06 Bodkin Arrow
40:11 Forging
不摇碧莲
5:57 Loom
8:15 Feudal Age
10:17 Fletching
16:33 Double-Bit Axe
22:05 Wheelbarrow
22:56 Horse Collar
27:26 Castle Age
25:59 Gold Mining
28:23 Scale Barding Armor
28:33 Bow Saw
31:59 Bloodlines
34:53 Chain Barding Armor
41:17 Imperial Age
41:04 Capped Ram
42:39 Forging
43:04 Plate Barding Armor
lanlinxxs
10:33 Feudal Age
13:59 Castle Age
12:31 Double-Bit Axe
12:28 Horse Collar
17:56 Bow Saw
19:52 Wheelbarrow
19:35 Heavy Plow
21:23 Gold Mining
21:23 Stone Mining
23:40 Stone Mining
24:19 Hand Cart
27:55 Imperial Age
25:13 Town Watch
26:04 Fletching
26:14 Padded Archer Armor
26:58 Ballistics
27:16 Bodkin Arrow
27:33 Thumb Ring
28:27 Leather Archer Armor
27:57 Elite Elephant Archer
28:53 Bracer
30:06 Chemistry
29:41 Conscription
30:49 Loom
31:35 Light Cavalry
32:15 Husbandry
32:52 Ring Archer Armor
32:27 Scale Barding Armor
32:34 Forging
32:33 Medical Corps
32:44 Guilds
33:05 Coinage
34:54 Chain Barding Armor
38:12 Devotion
38:50 Iron Casting
39:03 Banking
40:11 Town Patrol
40:40 Wootz Steel
jiu
11:52 Feudal Age
16:30 Castle Age
18:24 Double-Bit Axe
27:44 Bow Saw
27:29 Gold Mining
27:30 Stone Mining
29:24 Gold Shaft Mining
30:22 Scale Barding Armor
30:28 Forging
33:33 Imperial Age
33:51 Chain Barding Armor
34:07 Iron Casting
34:42 Husbandry
34:06 Cavalier
36:10 Plate Barding Armor
35:36 Paladin
38:07 Blast Furnace
37:57 Wheelbarrow
37:11 Loom
41:20 Hand Cart
Connection lost

Rejoining the realm…

Still unreachable

The connection could not be restored.

Session expired

The server has moved on; the page needs a fresh start.